 Dungeon Crawl Stone Soup version 0.30-b1-2-g02819fbbbe (webtiles) character file.

Game seed: 9853990832725701536

0 ketsa the Ruffian (level 1, 0/18 HPs)
             Began as a Naga Transmuter on May 30, 2023.
             Slain by a goblin
             ... wielding a +0 dagger
              (4 damage)
             ... on level 1 of the Dungeon.
             The game lasted 00:00:39 (64 turns).

ketsa the Ruffian (Naga Transmuter)                   Turns: 64, Time: 00:00:39

Health: 0/18       AC:  1    Str: 12    XL:     1   Next: 10%
Magic:  2/3        EV:  9    Int: 13    God:
Gold:   0          SH:  0    Dex: 11    Spells: 3/4 levels left

rFire   . .          .
                       - Unarmed
rCold   . . .        (no shield)
rNeg    . . .        a - +0 robe
rPois   +            (helmet currently unavailable)
rElec   .            (no cloak)
rCorr   .            (no gloves)
SInv    +            (no barding)
Will    .....        (no amulet)
Stlth   +            (no ring)
HPRegen 0.23/turn    (no ring)
MPRegen 0.08/turn

%: no passive effects
@: appendages, very slow
A: horns 2, AC +0, large, see invisible, deformed body, poison resistance,
slowness 2, spit poison 1, naga tail 1
a: Spit Poison, End Transformation


You were on level 1 of the Dungeon.
You had temporarily grown beastly horns.
You visited 1 branch of the dungeon, and saw 1 of its levels.

Inventory:

Armour
 a - a +0 robe (worn)
Potions
 b - a potion of lignification
 c - a potion of heal wounds {unknown}


   Skills:
 - Level 1.0 Fighting
 - Level 1.5 Dodging
 + Level 0.0 Stealth
 + Level 3.0 Unarmed Combat
 + Level 2.0 Spellcasting
 * Level 2.0 Transmutations


You had 3 spell levels left.
You knew the following spells:

 Your Spells              Type           Power      Damage    Failure   Level
a - Beastly Appendage     Tmut           12%        N/A       11%         1

Your spell library contained the following spells:

 Spells                   Type           Power      Damage    Failure   Level
 Wereblood                Tmut           6%         N/A       17%         2
 Apportation              Tloc           2%         N/A       26%         1
 Necrotise                Necr           4%         1d4       26%         1
 Summon Small Mammal      Summ           4%         N/A       26%         1
 Spider Form              Tmut/Pois      3%         N/A       45%         3
 Ice Form                 Ice/Tmut       3%         N/A       86%         4


Dungeon Overview and Level Annotations

Branches:
Dungeon (1/15) Zot: 5920

Altars:


Innate Abilities, Weirdness & Mutations

You have temporarily grown beastly horns.
Your serpentine skin is tough. (AC +0)
You have supernaturally acute eyesight. (SInv)
Armour fits poorly on your strangely shaped body.
Your system is resistant to poisons. (rPois)
You cover ground very slowly.
You can spit poison.
You have a snake-like lower body.


Message History

Confirm with . or Enter, or press ? or * to list all spells.
You grow a pair of large bovine horns.
The rat bites you. The rat bites you.
You hit the rat.
You kill the rat!
Your transformation is almost over.
Magic restored.
Your horns disappear.
HP restored.
Found a dagger.
A kobold comes into view. It is wielding a +0 whip.
The kobold shouts!
Casting: Beastly Appendage (safe; 11% risk of failure)
Confirm with . or Enter, or press ? or * to list all spells.
You grow a pair of large bovine horns.
The kobold hits you with a +0 whip.
A goblin comes into view. It is wielding a +0 dagger.
You hit the kobold.
The kobold is heavily wounded.
The kobold barely misses you.
You barely miss the kobold.
You headbutt the kobold, but do no damage.
The kobold is heavily wounded.
The kobold hits you with a +0 whip.
You barely miss the kobold.
The kobold is moderately wounded.
The kobold hits you with a +0 whip. The goblin closely misses you.
You hit the kobold.
The kobold is heavily wounded.
The kobold hits you with a +0 whip. The goblin barely misses you.
You hit the kobold. Your headbutt misses the kobold.
The kobold is severely wounded.
The kobold hits you with a +0 whip. The goblin hits you with a +0 dagger.
* * * LOW HITPOINT WARNING * * *
You closely miss the kobold.
The kobold is severely wounded.
The kobold hits you with a +0 whip.
* * * LOW HITPOINT WARNING * * *
The goblin hits you with a +0 dagger.
You die...

.# .# .##...# .##
..!.... ..# . #
#####..).... ..#
..#.#..........# ..#
#####...#..........
.####................
.........#..#....g#
#.##............@.#
#...............#K#
.#..............#.#
.##.#...........#.#
............>...#..
#...............####
#....#######.........
...#..........#####.#
...############


You could see a goblin and a kobold.

Vanquished Creatures
  A rat (D:1)
1 creature vanquished.

Notes
Turn   | Place    | Note
-------+----------+-------------------------------------------
     0 | D:1      | ketsa the Naga Transmuter began the quest for the Orb.
     0 | D:1      | Reached XP level 1. HP: 18/18 MP: 3/3
    64 | D:1      | Slain by a goblin

Illustrated notes

Levels and vault maps discovered:
D:1:      lightli_arrival_chessboard, layout_rooms,
          hellmonk_ecumenical_altar_watching_god, serial_co_window_serial,
          co_window_of_opportunity_a, co_window_paths_a, co_window_paths_b,
          co_window_paths_b, co_window_of_opportunity_a, co_window_paths_a,
          co_window_paths_a, co_window_paths_a, co_window_paths_a,
          co_window_of_opportunity_b, co_window_broadway_a, co_window_corner_ca,
          co_window_2corner, co_window_4corner_a, co_window_4corner_b

Action                     || total
---------------------------++-------
  Melee: Unarmed           ||     8
         Headbutt          ||     1
   Cast: Beastly Appendage ||     2
  Dodge: Dodged            ||     4
